 Dungeon Crawl Stone Soup version 0.18-a0-1692-g516f9e9 (webtiles) character file.

2799 Eucla the Martial Artist (level 9, -3/79 HPs)
             Began as a Naga Monk on Apr 5, 2016.
             Slain by Menkaure (19 damage)
             ... on level 7 of the Dungeon.
             The game lasted 00:09:54 (7829 turns).

Eucla the Martial Artist (Naga Monk)                Turns: 7829, Time: 00:09:54

Health: -3/79      AC: 10    Str: 15    XL:     9   Next: 71%
Magic:  9/9        EV: 11    Int: 17    God:
Gold:   267        SH:  0    Dex: 16    Spells: 0 memorised, 8 levels left

rFire  + . .     SeeInvis +     E - +4 mace "Ogen" {elec, rPois rC+ Int+7 Stlth-}
rCold  + . .     Gourm    .     J - +2 leather armour {rF+}
rNeg   . . .     Faith    .     (no shield)
rPois  +         Spirit   .     y - +0 helmet
rElec  .         Dismiss  .     v - +0 cloak
rCorr  .         Reflect  .     d - +0 pair of gloves
SustAt .         Harm     .     (no barding)
MR     +....                    H - amulet of rage
Stlth  +.........               (no ring)
                                B - ring of wizardry

@: very slow, somewhat resistant to hostile enchantments, very unstealthy
A: see invisible, deformed body, poison resistance, slowness 2, slow metabolism
1, spit poison 2, AC +3
a: Spit Poison, Evoke Berserk Rage


You were on level 7 of the Dungeon.
You were full.

You visited 2 branches of the dungeon, and saw 8 of its levels.

You collected 267 gold pieces.

Inventory:

Hand Weapons
 z - the +8 flail of the Shining Light {venom, Int+5}
   (You found it on level 4 of the Dungeon)

   It poisons the flesh of those it strikes.
   It affects your intelligence (+5).
 E - the +4 mace "Ogen" (weapon) {elec, rPois rC+ Int+7 Stlth-}
   (You found it on level 5 of the Dungeon)

   Occasionally, upon striking a foe, it will discharge some electrical energy
   and cause terrible harm.
   It affects your intelligence (+7).
   It protects you from cold.
   It protects you from poison.
   It makes you less stealthy.
Armour
 a - a +0 robe
 d - a +0 pair of gloves (worn)
 f - a +0 chain mail
 j - a +0 ring mail
 v - a +0 cloak (worn)
 w - a +0 large shield
 y - a +0 helmet (worn)
 J - a +2 leather armour of fire resistance (worn)
Jewellery
 B - a ring of wizardry (left hand)
 H - an amulet of rage (around neck)
Wands
 C - a wand of lightning (6/15)
Scrolls
 c - 8 scrolls of identify {unknown}
 e - 2 scrolls of teleportation
 g - a scroll of magic mapping {unknown}
 h - 7 scrolls of remove curse {unknown}
 i - a scroll of enchant armour {unknown}
 k - 2 scrolls of enchant weapon {unknown}
 m - 2 scrolls of fear {unknown}
 p - 3 scrolls of immolation {unknown}
 r - a scroll of blinking
 t - a scroll of amnesia
 u - a scroll of recharging {unknown}
 F - a scroll of random uselessness {unknown}
Potions
 l - a potion of cancellation {unknown}
 n - a potion of mutation {unknown}
 o - 2 potions of flight {unknown}
 x - a potion of brilliance {unknown}
 A - 2 potions of magic {unknown}
 G - a potion of curing
Books
 q - a book of Burglary

   Spells                             Type                      Level
   a - Swiftness                      Charms/Air                   2
   b - Passwall                       Transmutation/Earth          2
   c - Passage of Golubria            Translocation                4
   d - Lee's Rapid Deconstruction     Earth                        5
   e - Darkness                       Hexes                        6
   f - Invisibility                   Hexes                        6
 D - a book of the Tempests

   Spells                             Type                      Level
   a - Static Discharge               Conjuration/Air              3
   b - Lightning Bolt                 Conjuration/Air              5
   c - Fireball                       Conjuration/Fire             5
   d - Tornado                        Air                          9
   e - Shatter                        Earth                        9
Comestibles
 b - 9 bread rations
 s - 5 meat rations


   Skills:
 + Level 4.3 Fighting
 + Level 2.1 Armour
 + Level 3.5 Dodging
 - Level 3.0 Stealth
 - Level 12.2 Unarmed Combat


You had 8 spell levels left.
You didn't know any spells.

Dungeon Overview and Level Annotations

Branches:
Dungeon (7/15)             Temple (1/1) D:4

Altars:
Ashenzari
Elyvilon
Fedhas
Gozag
Kikubaaqudgha
Makhleb
Nemelex Xobeh
Okawaru
Pakellas
Qazlal
Ru
Sif Muna
Trog
Vehumet
Xom
Yredelemnul
Zin
The Shining One

Annotations:
D:7 Menkaure


Innate Abilities, Weirdness & Mutations

You cannot wear boots.
Your serpentine skin is tough (AC +3).
You have supernaturally acute eyesight.
Armour fits poorly on your strangely shaped body.
Your system is resistant to poisons.
You cover ground very slowly.
You have a slow metabolism.
You can spit poison.


Message History

You hit Menkaure.
Menkaure is lightly damaged.
Menkaure points at you and mumbles some strange words.
Pain shoots through your body!
You thump Menkaure!
Menkaure is heavily damaged.
Menkaure gestures wildly while chanting.
Menkaure seems to speed up.
You thump Menkaure!
Menkaure is almost destroyed.
Menkaure hits you.
Menkaure points at you and mumbles some strange words.
Pain shoots through your body!
* * * LOW HITPOINT WARNING * * *
You are too injured to fight recklessly!
You closely miss Menkaure.
Menkaure is almost destroyed.
Menkaure completely misses you. The giant cockroach barely misses you.
Menkaure hits you!!
You die...

##### #...# #...#
######...######
#.............#
##.............#
.............†.#########
................@M......
...)#####.#######s.....h
...)# #..# ...####
....#####..# ...#
....#)#.#..# ...#
###.'...#..# #...
########## .... .. .#
....####.#.#### ...
......s..


You could see Menkaure, a jackal (wandering) and a giant cockroach.

Vanquished Creatures
  Grinder (D:5)
  A spriggan (D:7)
  A hippogriff (D:7)
  A water moccasin (D:5)
  Duvessa (D:7)
  A sky beast (D:5)
  An ice beast (D:6)
  3 ogres
  3 centaurs
  2 giant frogs
  A water moccasin zombie (D:6)
  2 scorpions
  Dowan (D:7)
  3 killer bees (D:7)
  2 vampire bats (D:5)
  3 wights (D:7)
  3 crimson imps
  2 howler monkeys (D:4)
  A centaur zombie (D:7)
  2 giant frog zombies
  Crazy Yiuf (D:5)
  A hound (D:4)
  2 giant frog skeletons
  An iguana (D:5)
  An orc wizard (D:7)
  4 worker ants
  6 gnolls
  7 adders
  A shadow imp (D:6)
  An adder skeleton (D:4)
  5 worms
  4 dart slugs
  5 giant geckos
  9 orcs
  3 ball pythons
  A bat skeleton (D:5)
  3 bat zombies (D:5)
  6 giant cockroaches
  7 goblins
  7 hobgoblins
  6 jackals
  9 kobolds
  8 quokkas
  5 bats
  3 giant newts
  13 rats
154 creatures vanquished.

Vanquished Creatures (others)
  A gnoll (D:6)
1 creature vanquished.

Grand Total: 155 creatures vanquished

Notes
Turn   | Place    | Note
--------------------------------------------------------------
     0 | D:1      | Eucla the Naga Monk began the quest for the Orb.
     0 | D:1      | Reached XP level 1. HP: 21/21 MP: 1/1
    67 | D:1      | Reached XP level 2. HP: 4/28 MP: 2/2
   911 | D:1      | Reached XP level 3. HP: 34/34 MP: 3/3
   998 | D:1      | Reached skill level 5 in Unarmed Combat
  1555 | D:2      | Reached XP level 4. HP: 38/42 MP: 4/4
  2202 | D:3      | Reached skill level 6 in Unarmed Combat
  2538 | D:3      | Found a shimmering altar of Xom.
  2598 | D:3      | Reached XP level 5. HP: 45/49 MP: 5/5
  3407 | D:4      | Found a bloodstained altar of Trog.
  3527 | D:4      | Found a staircase to the Ecumenical Temple.
  3532 | Temple   | Entered the Ecumenical Temple
  3795 | D:4      | Reached skill level 7 in Unarmed Combat
  3795 | D:4      | Reached XP level 6. HP: 54/56 MP: 6/6
  4455 | D:4      | Got a smoking flail
  4456 | D:4      | Identified the +8 flail of the Shining Light {venom, Int+5} (You found it on level 4 of the Dungeon)
  4617 | D:5      | Entered Level 5 of the Dungeon
  4732 | D:5      | Reached skill level 8 in Unarmed Combat
  4736 | D:5      | Reached XP level 7. HP: 29/62 MP: 7/7
  4911 | D:5      | Found a glowing silver altar of Zin.
  5120 | D:5      | Noticed Grinder
  5127 | D:5      | Killed Grinder
  5127 | D:5      | Reached skill level 9 in Unarmed Combat
  5253 | D:5      | Noticed Crazy Yiuf
  5260 | D:5      | Killed Crazy Yiuf
  5280 | D:5      | Got a polished mace
  5281 | D:5      | Identified the +4 mace "Ogen" {elec, rPois rC+ Int+7 Stlth-} (You found it on level 5 of the Dungeon)
  5434 | D:5      | Reached XP level 8. HP: 49/69 MP: 8/8
  5502 | D:5      | Reached skill level 10 in Unarmed Combat
  5615 | D:5      | Found an ancient bone altar of Kikubaaqudgha.
  5707 | D:6      | Found a radiant altar of Vehumet.
  5731 | D:6      | Reached skill level 11 in Unarmed Combat
  6219 | D:6      | Reached XP level 9. HP: 68/75 MP: 9/9
  6232 | D:6      | Found a shattered altar of Ashenzari.
  6629 | D:6      | Reached skill level 12 in Unarmed Combat
  7051 | D:7      | Noticed Dowan
  7053 | D:7      | Noticed Duvessa
  7056 | D:7      | Killed Dowan
  7065 | D:7      | Killed Duvessa
  7367 | D:7      | Reached skill level 1 in Armour
  7384 | D:7      | Noticed Menkaure
  7829 | D:7      | Slain by Menkaure

Vault maps used:
D:1:      dpeg_arrival_round_a
D:2:      minmay_door_path
D:3:      xom_teletrap_fun, first_bread, hangedman_decor_growths
D:4:      kennysheep_little_box, temple_doors_e
D:5:      kennysheep_vampire_church, kennysheep_mini_moat,
          uniq_crazy_yiuf_cottage, uniq_grinder
D:6:      lemuel_doored_altar, vehumet_crystals
D:7:      nicolae_whirlpool, the_bakery, grunt_tough_drop, uniq_menkaure,
          uniq_duvessa, uniq_pikel
Temple:   chambers_temple_12

Skill      XL: |  1  2  3  4  5  6  7  8  9 |
---------------+----------------------------+-----
Unarmed Combat | 5 6 7 8 9 11 12 | 12.2
Armour         | 2 |  2.1
Dodging        | 3 |  3.5
Fighting       | 4 |  4.3
Stealth        | |  3.0

Action                   |  1- 3 |  4- 6 |  7- 9 || total
-------------------------+-------+-------+-------++-------
Melee: Unarmed           |   144 |   205 |       ||   349
       Flail             |       |    11 |    22 ||    33
       Mace              |       |       |   212 ||   212
 Abil: Spit Poison       |     6 |     5 |       ||    11
  Use: Potion            |     1 |     3 |       ||     4
       Scroll            |       |       |     3 ||     3
 Stab: Sleeping          |     3 |     6 |       ||     9
  Eat: Chunk             |     2 |     3 |     7 ||    12
       Fruit             |       |     5 |       ||     5
       Pizza             |       |     1 |     2 ||     3
       Beef jerky        |       |       |     2 ||     2
